 Dungeon Crawl Stone Soup version 0.19-a0-593-gf2cdb02 (webtiles) character file.

1227055 Geppetto the Conqueror (level 27, -5/159 HPs)
             Began as a Gargoyle Gladiator on June 7, 2016.
             Was the Champion of Cheibriados.
             Killed by divine providence
             ... invoked by a balrug
              (12 damage)
             ... in Pandemonium on June 10, 2016.
             The game lasted 09:49:16 (88844 turns).

Geppetto the Conqueror (Gargoyle Gladiator)        Turns: 88844, Time: 09:49:18

Health: -5/159     AC: 60    Str: 41      XL:     27
Magic:  7/32       EV: 35    Int: 18 (23) God:    Cheibriados [******]
Gold:   11494      SH: 37    Dex: 37      Spells: 6 memorised, 30 levels left

rFire  + + .     SeeInvis +     Y - +9 eveningstar (vamp)
rCold  + + +     Gourm    .     O - +9 pearl dragon armour "Foorig" {rN+ Stlth+}
rNeg   + + +     Faith    .     F - +7 large shield {rC+}
rPois  ∞         Spirit   .     y - +2 hat {MR+}
rElec  +         Dismiss  .     c - +1 cloak of the Ecumenical Temple {*Confuse rF++}
rCorr  .         Reflect  .     Q - +2 pair of gloves {Dex+3}
SustAt .         Harm     .     X - +2 pair of boots {rC+} (curse)
MR     +++..     Rnd*Rage +     n - amulet of regeneration
Stlth  +++++++...               P - ring of Desertification {rElec rPois rC+ rN+ SInv}
                                M - ring "Xajogiaginn" {Str+3 Int+4 Dex+3}

@: flying, very slow, extremely resistant to hostile enchantments, extremely
stealthy
A: big wings, berserk 1, blurry vision 3, deformed body, deterioration 2, dopey
2, frail 2, low mp 3, negative energy resistance 1, screaming 1, electricity
resistance, weak 2, unbreathing, petrification resistance, no device heal 1, rot
immunity, MP-powered wands, AC +20
a: Stop Flying, Bend Time, Temporal Distortion, Slouch, Step From Time, Renounce
Religion
}: 11/15 runes: serpentine, barnacled, slimy, silver, iron, obsidian, icy, bone,
abyssal, demonic, glowing


You were in Pandemonium.
You worshipped Cheibriados.
Cheibriados was exalted by your worship.
You were not hungry.

You visited 17 branches of the dungeon, and saw 88 of its levels.
You visited Pandemonium 1 time, and saw 20 of its levels.
You visited the Abyss 4 times.
You visited 1 bazaar.
You visited 1 ziggurat, and saw 9 of its levels.
You also visited: Bailey and Ice Cave.

You collected 13257 gold pieces.
You spent 1763 gold pieces at shops.

Inventory:

Hand Weapons
 Y - a +9 vampiric eveningstar (weapon)
Missiles
 d - 19 throwing nets (quivered)
Armour
 c - the +1 cloak of the Ecumenical Temple (worn) {*Confuse rF++}
   (You found it on level 4 of the Shoals)

   It greatly protects you from fire.
   It may confuse you when you take damage.
 y - a +2 hat of magic resistance (worn)
 F - a +7 large shield of cold resistance (worn)
 O - the +9 pearl dragon armour "Foorig" (worn) {rN+ Stlth+}
   (You found it on level 4 of the Depths)

   It protects you from negative energy.
   It makes you more stealthy.
 Q - a +2 pair of gloves of dexterity (worn)
 X - a cursed +2 pair of boots of cold resistance (worn)
Jewellery
 h - a +2 amulet of reflection
 i - an uncursed ring of protection from fire
 n - an amulet of regeneration (around neck)
 p - the ring of Wecee {rPois Slay+6 SInv Stlth-}
   (You acquired it on level 2 of the Snake Pit)

   [ring of see invisible]

   It affects your accuracy and damage with ranged weapons and melee attacks
   (+6).
   It protects you from poison.
   It lets you see invisible.
   It makes you less stealthy.
 s - an uncursed amulet of the gourmand
 w - an uncursed ring of protection from magic
 E - the ring "Wif Enon" {rC+ MR- MP+9 Dex+4}
   (You took it off a spriggan berserker on level 4 of the Depths)

   [ring of magical power]

   It affects your dexterity (+4).
   It protects you from cold.
   It affects your resistance to hostile enchantments.
   It affects your magic capacity (+9).
 H - the amulet of Cekugob {Dismiss -Tele rElec rPois rN++ AC+1 EV+1}
   (You took it off a centaur warrior on level 2 of the Depths)

   [amulet of dismissal]

   It may teleport away creatures that harm you.
   It affects your AC (+1).
   It affects your evasion (+1).
   It insulates you from electricity.
   It protects you from poison.
   It greatly protects you from negative energy.
   It prevents most forms of teleportation.
 M - the ring "Xajogiaginn" (left hand) {Str+3 Int+4 Dex+3}
   (You found it on level 7 of Tartarus)

   [ring of dexterity]

   It affects your strength (+3).
   It affects your intelligence (+4).
   It affects your dexterity (+3).
 P - the ring of Desertification (right hand) {rElec rPois rC+ rN+ SInv}
   (You found it on level 3 of the Realm of Zot)

   [ring of positive energy]

   It protects you from cold.
   It insulates you from electricity.
   It protects you from poison.
   It protects you from negative energy.
   It lets you see invisible.
 R - an uncursed ring of resist corrosion
Wands
 a - a wand of heal wounds (2/9)
 r - a wand of digging (14/24)
 x - a wand of teleportation (8/9)
 K - a wand of disintegration (19/24)
Scrolls
 b - a scroll of magic mapping
 o - 10 scrolls of fear
 q - 29 scrolls of remove curse
 A - 9 scrolls of amnesia
 D - 20 scrolls of teleportation
 G - 5 scrolls of silence
 J - 2 scrolls of summoning
 S - 15 scrolls of fog
 T - 51 scrolls of identify
 U - 7 scrolls of recharging
 V - 15 scrolls of blinking
 W - 5 scrolls of brand weapon
Potions
 e - 8 potions of agility
 g - 3 potions of ambrosia
 j - 12 potions of curing
 l - 8 potions of invisibility
 t - 2 potions of magic
 u - 5 potions of cancellation
 z - 10 potions of brilliance
 L - 8 potions of heal wounds
 N - 5 potions of might
 Z - 7 potions of resistance
Miscellaneous
 C - 5 boxes of beasts
Comestibles
 f - 6 bread rations
 k - 26 meat rations
 m - 25 beef jerkies
 B - 15 slices of pizza
 I - 26 fruits


   Skills:
 O Level 27 Fighting
 - Level 14.0 Maces & Flails
 - Level 1.7 Throwing
 O Level 27 Armour
 - Level 21.5 Dodging
 + Level 17.2 Stealth
 + Level 22.6 Shields
 * Level 20.0 Spellcasting
 - Level 11.5 Conjurations
 - Level 11.0 Charms
 - Level 15.7 Necromancy
 - Level 16.3 Ice Magic
 O Level 27 Earth Magic
 - Level 11.0 Invocations


You had 30 spell levels left.
You knew the following spells:

 Your Spells              Type           Power        Failure   Level  Hunger
a - Iron Shot             Conj/Erth      ######....   1%          6    ####...
b - Ozocubu's Armour      Chrm/Ice       ######..     1%          3    None
c - Regeneration          Chrm/Necr      ######....   1%          3    None
d - Shatter               Erth           #######...   17%         9    #######
e - Simulacrum            Ice/Necr       ######....   1%          6    ####...
f - Glaciate              Conj/Ice       ######....   100%        9    #######


Dungeon Overview and Level Annotations

Branches:
Dungeon (15/15)              Lair (8/8) D:10         Shoals (4/4) Lair:4
  Snake (4/4) Lair:6        Slime (6/6) Lair:6          Orc (2/2) D:9
    Elf (3/3) Orc:2        Vaults (5/5) D:13          Crypt (3/3) Vaults:3
   Tomb (1/3) Crypt:3      Depths (5/5) D:15           Hell (1/1)
    Dis (7/7) Hell            Geh (7/7) Hell            Coc (7/7) Hell
    Tar (7/7) Hell            Zot (5/5) Depths:5
 Temple: D:4-7

Altars:
Ashenzari
Cheibriados
Dithmenos
Elyvilon
Hepliaklqana
Kikubaaqudgha
Makhleb
Okawaru
Pakellas
Qazlal
Sif Muna
Vehumet
The Shining One
Beogh
Jiyva

Shops:
D:8 %   D:11 (   D:14 }   D:15 *   Orc:2 (}?[   Elf:2 %   Shoals:2 %([(
Snake:1 ?

Portals:
Hell: Lair:8 Depths:1 Depths:2 Depths:3 Depths:4
Abyss: Depths:3 Depths:4 Depths:5
Pandemonium: Depths:1 Depths:2 Depths:3

Annotations:
D:3 George's ghost, amateur DsGl
Lair:5 exclusion: oklob plant
Shoals:4 Ilsuiw


Innate Abilities, Weirdness & Mutations

You are resistant to torment.
Your stone body is resilient. (AC +20)
You are immune to poison.
Your large and strong wings let you fly indefinitely.
You resist negative energy. (rN+)
You are resistant to electric shocks. (rElec)
You can survive without breathing.
You are immune to petrification.
You are immune to rotting.
You tend to lose your temper in combat.
Scrolls take you much longer to read.
Armour fits poorly on your strangely shaped body.
Your body often deteriorates upon taking damage.
You are very dopey. (Int -4)
You are very frail. (-20% HP)
Your magical capacity is extremely low. (-30% MP)
You occasionally shout uncontrollably at your foes.
You are very weak. (Str -4)
Potions and wands are less effective at restoring your health.
You expend magic power (3 MP) to strengthen your wands.


Message History

* * * LOW HITPOINT WARNING * * *
You block the balrug's attack. You block the sun demon's attack.
An efreet comes into view. It is wielding a scimitar of flaming.
You shout at the efreet!
Evoke which item? (* to show all) (? for menu, Esc to quit)
Zapping:
a - a wand of heal wounds (3/9)
Press: ? - help, Shift-Dir - straight line, f - you You feel much better.
This wand has 2 charges left.
The balrug gestures at you. Something smites you!
* * * LOW HITPOINT WARNING * * *
You block the red devil's attack.
The balrug hits you with a demon whip of electrocution!
* * * LOW HITPOINT WARNING * * *
You are engulfed in flames!
You resist.
* * * LOW HITPOINT WARNING * * *
You block the sun demon's attack. The balrug gestures at you.
Something smites you!
You die...

#################################
.................................
................)...............)
...........)...........)........)
...........###.....###...........
..^........# #...#.# #......)....
##..##..##.# #.....# #.##..##..##
############ ###.### ############
###@### #..322# ###4#.# #2#...


24R #.# §§. ... ..... .R# ..... .§ %...... You could see 4 balrugs, a sun demon,
2 efreet and 2 red devils.

Vanquished Creatures
  the Royal Jelly (Slime:6)
  Antaeus (Coc:7)
  Asmodeus (Geh:7)
  Ereshkigal (Tar:7)
  the Serpent of Hell (Tar:7)
  7 pandemonium lords
  Mnoleg (Pan)
  Dispater (Dis:7)
  8 orbs of fire
  9 ancient liches
  9 shard shrikes
  A caustic shrike (shapeshifter) (Zig:9)
  The ghost of tstbtto the Impregnable, a veteran MiBe of Trog (Vaults:5)
  7 Killer Klowns
  A caustic shrike (Depths:3)
  Geryon (Hell)
  8 golden dragons
  2 curse toes
  Jory (Crypt:1)
  Nikola (Depths:1)
  A profane servitor (Crypt:3)
  6 iron giants (Dis:7)
  12 bone dragons
  the Enchantress (Depths:1)
  23 Brimstone Fiends
  26 Tzitzimimeh
  2 hellephants (Abyss:4)
  7 doom hounds
  3 electric golems
  9 Hell Sentinels
  10 liches
  25 Ice Fiends
  19 tentacled monstrosities
  25 Orb Guardians (Zot:5)
  5 quicksilver dragons
  4 titans
  3 deep elf blademasters
  2 deep elf master archers (Elf:3)
  9 Executioners
  33 acid blobs
  9 sphinxes
  4 eldritch tentacles
  19 tentacled starspawn
  14 death cobs
  2 krakens
  3 ancient champions (Crypt:3)
  8 storm dragons
  14 shadow dragons
  6 tengu reavers
  6 greater nagas
  A revenant (Crypt:3)
  24 azure jellies
  5 draconian knights
  Maud (Depths:4)
  5 draconian monks
  3 ghost moths
  3 orc warlords
  10 frost giants
  9 iron dragons
  16 fire giants
  3 draconian zealots
  21 cacodemons
  16 vault wardens
  6 deep elf elementalists
  9 deep elf sorcerers
  A daeva (Abyss:4)
  27 balrugs
  Aizul (Depths:1)
  5 draconian scorchers
  56 reapers
  2 draconian annihilators
  3 ghouls
  3 warmongers (Pan)
  A draconian shifter (Zot:5)
  4 curse skulls
  18 ironheart preservers
  54 very ugly things
  21 war gargoyles
  4 spriggan defenders
  32 stone giants
  3 draconian callers
  5 blood saints (Pan)
  A corrupter (Pan)
  4 elemental wellsprings
  7 chaos champions
  6 vampire knights
  6 deep elf demonologists
  7 green draconians
  17 white draconians
  9 purple draconians
  7 deep elf annihilators
  7 red draconians
  7 spark wasps
  6 lorocyprocas
  A spectral titan (Zig:4)
  9 mottled draconians
  10 black draconians
  4 black suns (Pan)
  6 merfolk javelineers
  27 blizzard demons
  10 deep elf death magi
  15 fire dragons
  16 ettins
  3 quicksilver dragon zombies
  5 eidola
  7 green deaths
  A mummy priest (Tomb:1)
  An ettin (shapeshifter) (Vaults:4)
  20 death oozes
  6 crystal guardians (Elf:3)
  10 merfolk impalers
  22 jiangshi
  17 ogre magi
  21 yaktaur captains
  12 rakshasas
  27 ice dragons
  5 deep elf high priests
  Fannar (Lair:3)
  29 vault guards
  8 entropy weavers
  7 monstrous demonspawn (Pan)
  A quicksilver dragon skeleton (Coc:7)
  15 great orbs of eyes
  5 hell beasts
  3 merfolk avatars (Shoals:4)
  The ghost of Xiguana the Grappler, a journeyman VSMo of Cheibriados (Lair:3)
  An alligator snapping turtle (Shoals:4)
  2 hydras (shapeshifter)
  18 naga warriors
  An alligator snapping turtle (shapeshifter) (Zig:8)
  6 anacondas
  12 hydras
  5 spriggan air magi
  14 centaur warriors
  6 death yaks (Lair:8)
  29 dancing weapons
  2 alligators (Zig:3)
  3 satyrs
  11 death knights
  14 hell hogs
  8 tengu warriors
  21 deep troll shamans
  5 merfolk aquamancers (Shoals:4)
  A queen ant (Lair:4)
  3 orc high priests
  28 thrashing horrors
  2 titan zombies
  14 naga sharpshooters
  17 deep troll earth magi
  9 spriggan berserkers
  A hellephant zombie (Crypt:1)
  29 deep elf knights
  9 vampire magi
  33 soul eaters
  15 iron golems
  3 shock serpents
  25 wretched stars
  10 spriggans
  8 shadow wraiths
  10 storm dragon zombies
  107 skeletal warriors
  60 sun demons
  49 hell knights
  An iron troll (shapeshifter) (Zig:9)
  A salamander mystic (Snake:2)
  2 fire crabs
  2 golden dragon zombies
  5 death drakes
  2 spectral anacondas (Depths:4)
  48 deep trolls
  24 flayed ghosts
  8 spatial maelstroms (Abyss:4)
  4 gelid demonspawn (Pan)
  16 giant orange brains
  33 shadow demons
  5 torturous demonspawn (Pan)
  6 anaconda zombies
  18 orc knights
  15 sea snakes
  10 unseen horrors
  2 ghost moth zombies
  21 iron trolls
  4 naga ritualists
  27 ironbrand convokers
  A harpy (shapeshifter) (Vaults:4)
  A giant orange brain (shapeshifter) (Vaults:5)
  5 infernal demonspawn (Pan)
  A spectral minotaur (Depths:4)
  A kraken simulacrum (Hell)
  7 wizards
  4 shadow dragon zombies
  19 deep elf archers
  7 hill giants
  2 orange crystal statues (Depths:4)
  8 putrid demonspawn (Pan)
  5 anaconda skeletons
  25 necromancers
  A spectral hydra (Depths:4)
  15 phantasmal warriors
  A sphinx zombie (Depths:2)
  4 iron dragon zombies
  11 mana vipers
  21 harpies
  9 fire giant zombies
  4 lindwurms (Depths:5)
  6 golden dragon skeletons
  4 frost giant zombies
  5 wolf spider zombies
  53 ugly things
  74 deep elf magi
  12 shining eyes
  A shining eye (shapeshifter) (Vaults:5)
  10 griffons
  9 wolf spiders
  4 hornets (shapeshifter)
  13 salamanders
  A faun (shapeshifter) (Depths:2)
  A hornet (Vaults:3)
  An iron dragon skeleton (Dis:2)
  10 fauns
  6 cyclopes
  10 manticores
  5 orc sorcerers
  21 moths of wrath
  2 salamanders (shapeshifter)
  5 shadow dragon skeletons
  21 elephants
  7 worldbinders
  3 stone giant zombies
  11 sirens
  3 ice statues
  25 sixfirhies
  8 frost giant skeletons
  2 stone giant skeletons
  Psyche (D:10)
  8 water nymphs
  36 black mambas
  2 spriggan zombies
  A shock serpent zombie (Dis:7)
  19 vault sentinels
  A black mamba (shapeshifter) (Elf:1)
  5 guardian serpents
  7 molten gargoyles
  4 dire elephant zombies
  An apocalypse crab (Zig:9)
  A guardian serpent (shapeshifter) (Depths:4)
  7 fire giant skeletons
  3 gargoyles
  3 eyes of devastation
  24 naga magi
  2 torpor snails
  A water nymph (shapeshifter) (Depths:1)
  11 spectral swamp worms (Tar:7)
  23 rust devils
  18 spiny frogs
  A shock serpent skeleton (Crypt:3)
  An apis skeleton (Crypt:2)
  4 centaur skeletons
  A swamp worm zombie (Crypt:1)
  31 hellions
  2 emperor scorpion zombies
  26 orange demons
  7 rime drakes
  A yellow draconian zombie (Geh:3)
  40 smoke demons
  3 yaktaurs (shapeshifter)
  13 efreet
  2 kobold demonologists
  38 tormentors
  A red draconian skeleton (Crypt:2)
  35 freezing wraiths
  8 komodo dragons
  51 ice devils
  An elf skeleton (Vaults:5)
  67 yaktaurs
  3 spectral merfolk (Depths:4)
  6 dire elephant skeletons
  5 demonic crawlers
  A catoblepas skeleton (Dis:7)
  2 harpy zombies
  A yaktaur skeleton (Vaults:3)
  2 anaconda simulacra
  24 ancient zymes
  39 red devils
  A queen bee (shapeshifter) (Vaults:1)
  5 tengu conjurers
  10 trolls
  A polar bear (shapeshifter) (Depths:3)
  18 hellwings
  2 jumping spiders
  25 merfolk
  A raiju (shapeshifter) (Depths:3)
  2 entropy weaver zombies (Hell)
  10 hydra zombies
  6 silent spectres
  A sphinx simulacrum (Vaults:5)
  2 wolf spider simulacra
  3 meliai (D:14)
  6 wind drakes
  A two-headed ogre (shapeshifter) (Depths:1)
  20 blink frogs
  A shadow dragon simulacrum (Tar:3)
  A polar bear (Lair:4)
  4 boulder beetles
  26 two-headed ogres
  A harpy skeleton (Geh:7)
  3 ice dragon zombies
  14 snapping turtles
  6 fire dragon zombies
  52 raiju
  A fire giant simulacrum (Coc:6)
  A meliai zombie (D:13)
  78 slime creatures
  A wind drake (shapeshifter) (D:13)
  10 hydra skeletons
  3 bog bodies
  An iron dragon simulacrum (Coc:6)
  99 large abominations
  A stone giant simulacrum (Coc:6)
  7 alligator zombies
  4 ice dragon skeletons
  19 redbacks
  An alligator skeleton (Coc:7)
  7 fire dragon skeletons
  A yak (shapeshifter) (Depths:4)
  A dire elephant simulacrum (Abyss:1)
  24 shadows
  13 air elementals
  3 centaur simulacra
  6 ettin zombies
  137 flying skulls
  An ettin skeleton (Coc:7)
  A tarantella (shapeshifter) (Vaults:5)
  4 tarantellas
  27 water elementals
  9 vampires
  22 ynoxinuls
  A hog (shapeshifter) (Vaults:3)
  2 wyverns
  A human (D:9)
  34 wraiths
  6 hungry ghosts
  25 fire elementals
  51 yaks
  A basilisk (shapeshifter) (Depths:1)
  55 small abominations
  3 black mamba skeletons
  18 golden eyes
  16 hippogriffs
  5 fire bats (Abyss:4)
  17 vampire mosquitoes
  5 basilisks
  24 chaos spawn
  32 neqoxecs
  A wind drake zombie (Crypt:1)
  A steam dragon (D:11)
  13 spatial vortices
  16 wargs
  A harpy simulacrum (Coc:7)
  14 insubstantial wisps
  39 nagas
  A faun zombie (Crypt:2)
  2 nagas (shapeshifter)
  6 soldier ants
  14 water moccasins
  A hydra simulacrum (Depths:4)
  17 porcupines
  6 spectral spriggans (Depths:4)
  5 spiny frog zombies
  35 hell hounds
  A giant eyeball (Depths:4)
  78 orc warriors
  4 ice beasts
  4 sky beasts
  A hornet simulacrum (Vaults:1)
  3 spiny frog skeletons
  A swamp drake (shapeshifter) (Vaults:5)
  2 ettin simulacra (Crypt:3)
  4 swamp dragon zombies
  2 swamp drakes (Depths:5)
  2 black bears (D:11)
  An eye of draining (shapeshifter) (Zig:8)
  A sky beast (shapeshifter) (Depths:3)
  12 wasps
  7 human zombies
  A manticore zombie (Dis:1)
  3 phantoms
  3 snapping turtle skeletons
  10 wolves
  4 snapping turtle zombies
  14 boggarts
  9 eyes of draining
  An alligator simulacrum (Coc:7)
  A tengu (Abyss:4)
  47 ogres
  30 centaurs
  17 necrophages
  18 crocodiles
  2 swamp dragon skeletons
  7 big kobolds
  An elf zombie (Tar:4)
  27 giant frogs
  A draconian skeleton (Crypt:1)
  A glowing shapeshifter simulacrum (Vaults:5)
  An earth elemental (Elf:2)
  3 human skeletons
  6 scorpions
  3 human simulacra
  2 spiny frog simulacra
  A warg zombie (Crypt:1)
  A queen bee zombie (Crypt:1)
  A scorpion (shapeshifter) (Depths:3)
  4 spectral ogres (Depths:4)
  4 killer bees (D:14)
  A killer bee (shapeshifter) (Elf:3)
  A swamp dragon simulacrum (Coc:6)
  2 spectral nagas (Depths:4)
  A troll skeleton (Geh:7)
  4 vampire bats (Lair:8)
  53 wights
  2 howler monkeys
  4 electric eels
  2 spectral centaurs (Depths:4)
  21 crimson imps
  4 centaur zombies
  A giant frog zombie (D:7)
  99 starcursed masses
  8 quasits
  An elf simulacrum (Coc:7)
  22 jellies
  25 orc priests
  6 hounds
  12 iron imps
  39 orc wizards
  4 giant frog skeletons
  A gnoll shaman (D:5)
  13 iguanas
  Natasha (thrice) (D:3)
  19 hell rats (Hell)
  20 worker ants
  29 sheep
  2 naga zombies
  An ogre zombie (Abyss:1)
  A naga skeleton (Crypt:1)
  A hound zombie (D:9)
  3 hound skeletons
  3 mummies
  A howler monkey zombie (D:6)
  A worker ant zombie (D:11)
  13 gnolls
  12 adders
  69 river rats
  A steam dragon skeleton (Crypt:2)
  19 shadow imps
  19 white imps
  13 ufetubi
  18 oozes
  4 worms
  3 adder skeletons
  A dart slug (D:3)
  12 giant geckos
  165 orcs
  7 giant cockroaches
  7 goblins
  7 hobgoblins
  7 jackals
  39 kobolds
  4 quokkas
  A ball python skeleton (Crypt:2)
  12 bats
  A giant cockroach zombie (Crypt:2)
  7 giant newts
  A goblin skeleton (D:9)
  2 goblin zombies (D:9)
  A hobgoblin skeleton (Crypt:2)
  2 hobgoblin zombies (D:9)
  A jackal skeleton (Crypt:2)
  3 kobold skeletons (D:9)
  An orc skeleton (D:9)
  An orc zombie (D:9)
  11 rats
  3 crawling corpses (Elf:3)
  A fire vortex (Geh:7)
  2 lost souls (Hell)
  14 starspawn tentacles
  8 tentacles
  A tentacle segment (Abyss:4)
  2 withered plants (Crypt:2)
5501 creatures vanquished.

Vanquished Creatures (collateral kills)
  2 draconian annihilators (Depths:5)
  A draconian shifter (Depths:5)
  A hydra (Lair:3)
  A deep elf mage (Elf:2)
5 creatures vanquished.

Vanquished Creatures (others)
  An Executioner (Pan)
  An eldritch tentacle (Pan)
  A draconian zealot (Zot:4)
  A war gargoyle (Dis:7)
  2 elemental wellsprings (Coc:7)
  A blizzard demon (Abyss:4)
  A deep elf high priest (Elf:3)
  A kraken zombie (Coc:7)
  2 hell hogs
  A shadow wraith (Vaults:4)
  A soul eater (Pan)
  A flayed ghost (Tar:5)
  A deep elf archer (Vaults:1)
  2 cyclopes (Vaults:1)
  2 deep elf magi (Elf:1)
  A shadow dragon skeleton (Tar:5)
  2 sixfirhies (Pan)
  An apocalypse crab (Abyss:4)
  5 hellions (Geh:7)
  A yaktaur (Vaults:3)
  A harpy zombie (Geh:1)
  2 alligator zombies
  A stone giant simulacrum (Vaults:1)
  3 flying skulls
  A ynoxinul (Abyss:4)
  A golden eye (Slime:6)
  2 small abominations (Abyss:4)
  A swamp drake (Depths:5)
  A swamp dragon zombie (Coc:7)
  A boggart (Depths:3)
  An ogre (Depths:2)
  An iron imp (Dis:7)
  A human skeleton (Geh:3)
  2 white imps
  2 ufetubi (IceCv)
  A worm (D:2)
  A quokka (D:2)
  A rat (D:2)
  3 demonic plants (Abyss:4)
  118 eldritch tentacle segments
  38 fungi
  9 lost souls
  7 lurking horrors
  A macabre mass (Abyss:4)
  36 plants
  41 starspawn tentacles
  269 starspawn tentacle segments
  28 tentacles
  930 tentacle segments
  3 withered plants (Crypt:2)
1536 creatures vanquished.

Grand Total: 7042 creatures vanquished

Notes
Turn   | Place    | Note
--------------------------------------------------------------
     0 | D:1      | Geppetto the Gargoyle Gladiator began the quest for the Orb.
     0 | D:1      | Reached XP level 1. HP: 12/12 MP: 1/1
   108 | D:1      | Reached XP level 2. HP: 7/18 MP: 2/2
  1036 | D:1      | Reached XP level 3. HP: 20/23 MP: 3/3
  1332 | D:2      | Found a radiant altar of Vehumet.
  1575 | D:2      | Reached XP level 4. HP: 28/28 MP: 4/4
  1744 | D:3      | Noticed Natasha
  1750 | D:3      | Killed Natasha
  1779 | D:3      | Noticed Natasha
  1784 | D:3      | Reached XP level 5. HP: 17/33 MP: 5/5
  1788 | D:3      | Killed Natasha
  1863 | D:3      | Noticed George's ghost (amateur DsGl)
  2420 | D:3      | Found a deep blue altar of Sif Muna.
  2445 | D:3      | Found a shadowy altar of Dithmenos.
  2553 | D:3      | Noticed Natasha
  2569 | D:3      | Killed Natasha
  2569 | D:3      | Reached skill level 5 in Maces & Flails
  3022 | D:4      | Reached skill level 5 in Fighting
  3022 | D:4      | Reached XP level 6. HP: 28/40 MP: 6/6
  3209 | D:4      | Found an iron altar of Okawaru.
  3700 | D:4      | Found a hazy altar of Hepliaklqana.
  3703 | D:4      | Found a burning altar of Makhleb.
  3706 | D:4      | Found a snail-covered altar of Cheibriados.
  3710 | D:4      | Became a worshipper of Cheibriados the Contemplative
  3808 | D:4      | Noticed a necrophage
  3867 | D:4      | Found a stormy altar of Qazlal.
  4378 | D:5      | Entered Level 5 of the Dungeon
  4803 | D:5      | Reached XP level 7. HP: 41/45 MP: 7/7
  4807 | D:5      | Reached * piety under Cheibriados
  5630 | D:6      | Reached XP level 8. HP: 49/53 MP: 8/8
  5723 | D:6      | Reached ** piety under Cheibriados
  6244 | D:7      | Found an oddly glowing altar of Pakellas.
  6653 | D:7      | Found a shattered altar of Ashenzari.
  6818 | D:8      | Reached *** piety under Cheibriados
  6865 | D:8      | Reached XP level 9. HP: 26/60 MP: 9/9
  7034 | D:8      | Reached skill level 1 in Shields
  7178 | D:8      | Found Gorashryboi's Food Boutique.
  7262 | D:8      | Reached **** piety under Cheibriados
  7357 | D:9      | Reached skill level 10 in Fighting
  7367 | D:9      | Reached skill level 5 in Shields
  7379 | D:9      | Reached XP level 10. HP: 64/68 MP: 10/10
  7652 | D:9      | Found a glowing golden altar of the Shining One.
  7672 | D:9      | Reached ***** piety under Cheibriados
  7923 | D:9      | Found a white marble altar of Elyvilon.
  8181 | D:9      | Found a staircase to the Orcish Mines.
  8257 | D:10     | Entered Level 10 of the Dungeon
  8439 | D:10     | Noticed Psyche
  8451 | D:10     | Killed Psyche
  8492 | D:10     | Found a staircase to the Lair.
  8493 | D:10     | Noticed an elephant
  8507 | D:10     | Killed an elephant
  8601 | D:10     | Killed an unseen horror
  8601 | D:10     | Reached skill level 10 in Shields
  8601 | D:10     | Reached XP level 11. HP: 72/75 MP: 11/11
  8669 | D:10     | Killed an unseen horror
  9211 | D:10     | Killed an unseen horror
  9248 | Lair:1   | Entered Level 1 of the Lair of Beasts
  9342 | Lair:1   | Reached ****** piety under Cheibriados
 10435 | Lair:2   | Noticed a griffon
 10447 | Lair:2   | Reached skill level 1 in Armour
 10457 | Lair:2   | Killed a griffon
 10833 | Lair:2   | Noticed an eight-headed hydra
 10852 | Lair:2   | Killed an eight-headed hydra
 11230 | Lair:2   | Reached XP level 12. HP: 74/82 MP: 12/12
 11344 | Lair:2   | Learned a level 6 spell: Simulacrum
 11796 | Lair:3   | Noticed Fannar
 11845 | Lair:3   | Killed Fannar
 11923 | Lair:3   | Noticed an eight-headed hydra
 11929 | Lair:3   | Killed an eight-headed hydra
 12009 | Lair:3   | Noticed Xiguana's ghost (journeyman VSMo)
 12072 | Lair:3   | Killed Xiguana's ghost
 12072 | Lair:3   | Reached skill level 5 in Armour
 12120 | Lair:3   | Noticed a seven-headed hydra
 12131 | Lair:3   | Killed a seven-headed hydra
 12975 | Lair:4   | Noticed a queen ant
 12985 | Lair:4   | Killed a queen ant
 13123 | Lair:4   | Found a staircase to the Shoals.
 13344 | Lair:4   | Reached skill level 15 in Shields
 13373 | Lair:4   | Reached XP level 13. HP: 58/87 MP: 13/13
 13534 | Lair:4   | Reached skill level 1 in Invocations
 14477 | Lair:5   | Reached skill level 5 in Invocations
 15968 | Lair:6   | Found a staircase to the Slime Pits.
 15968 | Lair:6   | Found a viscous altar of Jiyva.
 16037 | Lair:6   | Found a staircase to the Snake Pit.
 16280 | Lair:6   | Gained mutation: Your large and strong wings let you fly indefinitely. [Gargoyle growth]
 16280 | Lair:6   | Reached XP level 14. HP: 64/92 MP: 18/21
 16587 | Lair:7   | Reached skill level 10 in Invocations
 17109 | Lair:8   | Entered Level 8 of the Lair of Beasts
 17291 | Lair:8   | Reached skill level 5 in Dodging
 17998 | Lair:8   | Reached skill level 10 in Maces & Flails
 18101 | Lair:8   | Found a burning altar of Makhleb.
 18155 | Lair:8   | Found a gateway to Hell.
 18481 | Lair:8   | Reached XP level 15. HP: 97/97 MP: 23/23
 18816 | Orc:1    | Entered Level 1 of the Orcish Mines
 19043 | Orc:1    | Noticed an orc warlord
 19066 | Orc:1    | Killed an orc warlord
 19263 | Orc:1    | Found a roughly hewn altar of Beogh.
 19418 | Orc:2    | Entered Level 2 of the Orcish Mines
 19824 | Orc:2    | Found Xuatados's Gadget Emporium.
 19824 | Orc:2    | Found Unyh Jeew's Magic Scroll Shop.
 19845 | Orc:2    | Found Azymn's Weapon Shoppe.
 19848 | Orc:2    | Found Zochesoe's Armour Boutique.
 19892 | Orc:2    | Bought 2 scrolls of fear for 70 gold pieces
 19892 | Orc:2    | Bought a scroll of enchant armour for 75 gold pieces
 19892 | Orc:2    | Bought a scroll of identify for 20 gold pieces
 20105 | Orc:2    | Found a staircase to the Elven Halls.
 20699 | Snake:1  | Entered Level 1 of the Snake Pit
 20719 | Snake:1  | Upgraded the game from 0.19-a0-526-gbe2e51c to 0.19-a0-559-ga3d69d0
 20924 | Snake:1  | Found Mibroun's Magic Scroll Shop.
 20947 | Snake:1  | Bought a scroll of blinking for 127 gold pieces
 20947 | Snake:1  | Bought a scroll of teleportation for 51 gold pieces
 20947 | Snake:1  | Bought a scroll of identify for 34 gold pieces
 20947 | Snake:1  | Bought a scroll of enchant weapon for 127 gold pieces
 21698 | Snake:1  | Reached XP level 16. HP: 82/103 MP: 24/24
 22133 | Snake:2  | Identified a scroll of acquirement
 22134 | Snake:2  | Got an ancient bone ring
 22136 | Snake:2  | Identified the ring of Wecee {rPois Slay+6 SInv Stlth-} (You acquired it on level 2 of the Snake Pit)
 22232 | Snake:2  | Reached skill level 10 in Armour
 22554 | Snake:2  | Gained mutation: You evolve. [mutagenic meat]
 22555 | Snake:2  | Gained mutation: You passively map a small area around you. [mutagenic meat]
 22556 | Snake:2  | Gained mutation: You have a pair of small horns on your head. [mutagenic meat]
 22558 | Snake:2  | Gained mutation: You are clumsy. (Dex -2) [mutagenic meat]
 22624 | Snake:2  | Gained mutation: Your natural rate of healing is unusually fast. [potion of mutation]
 22624 | Snake:2  | Gained mutation: You are dopey. (Int -2) [potion of mutation]
 22626 | Snake:2  | Noticed a greater naga
 22633 | Snake:2  | Killed a greater naga
 23198 | Orc:2    | Bought a +0 pair of gloves of dexterity for 138 gold pieces
 23694 | Snake:3  | Gained mutation: You have a pair of horns on your head. [mutagenic meat]
 23695 | Snake:3  | Lost mutation: You are clumsy. (Dex -2) [mutagenic meat]
 23696 | Snake:3  | Gained mutation: You have sharp toenails. [mutagenic meat]
 23697 | Snake:3  | Gained mutation: Your movements are slightly less encumbered by armour. (ER -2) [mutagenic meat]
 23698 | Snake:3  | Gained mutation: You are partially covered in thin metallic scales. (AC +2) [mutagenic meat]
 23699 | Snake:3  | Gained mutation: You tend to lose your temper in combat. [mutagenic meat]
 23804 | Snake:3  | Gained mutation: Your magical capacity is low. (-10% MP) [evolution]
 24043 | Snake:3  | Found a radiant altar of Vehumet.
 24153 | Snake:4  | Entered Level 4 of the Snake Pit
 24656 | Snake:4  | Noticed a greater naga
 24669 | Snake:4  | Killed a greater naga
 24710 | Snake:4  | Reached XP level 17. HP: 108/110 MP: 22/22
 24867 | Snake:4  | Gained mutation: You are frail. (-10% HP) [evolution]
 24889 | Snake:4  | Lost mutation: You are dopey. (Int -2) [potion of cure mutation]
 24889 | Snake:4  | Lost mutation: You tend to lose your temper in combat. [potion of cure mutation]
 24889 | Snake:4  | Lost mutation: You are partially covered in thin metallic scales. (AC +2) [potion of cure mutation]
 24889 | Snake:4  | Lost mutation: Your movements are slightly less encumbered by armour. (ER -2) [potion of cure mutation]
 25084 | Snake:4  | Gained mutation: You have razor-sharp toenails. [mutagenic meat]
 25085 | Snake:4  | Gained mutation: You are partially covered in rough black scales. (AC +4, Dex -1) [mutagenic meat]
 25108 | Snake:4  | Learned a level 3 spell: Ozocubu's Armour
 25173 | Snake:4  | Got a serpentine rune of Zot
 25240 | Snake:4  | Reached skill level 1 in Spellcasting
 25460 | Shoals:1 | Entered Level 1 of the Shoals
 25491 | Shoals:1 | Found a frozen archway.
 25501 | IceCv    | Entered an ice cave
 25720 | IceCv    | Reached skill level 1 in Ice Magic
 26126 | Shoals:1 | Noticed a kraken
 26137 | Shoals:1 | Killed a kraken
 26653 | Shoals:2 | Found Zodabb's Antique Weapon Shoppe.
 26711 | Shoals:2 | Found Qap Keush's Antique Weapon Shoppe.
 26864 | Shoals:2 | Found Qioniefi's Armour Emporium.
 26882 | Shoals:2 | Reached skill level 5 in Ice Magic
 27200 | Shoals:2 | Found Kiumih's Food Shop.
 27452 | Shoals:2 | Reached skill level 1 in Charms
 27489 | Shoals:2 | Bought a +2 plate armour of magic resistance for 720 gold pieces
 27572 | Shoals:3 | Reached XP level 18. HP: 102/105 MP: 19/23
 28246 | Shoals:4 | Entered Level 4 of the Shoals
 28265 | Shoals:4 | Reached skill level 5 in Spellcasting
 28330 | Shoals:4 | Got a barnacled rune of Zot
 28427 | Shoals:4 | Reached skill level 5 in Charms
 28862 | Shoals:4 | Noticed Ilsuiw
 29450 | Shoals:4 | Got a scorched cloak
 29456 | Shoals:4 | Identified the +1 cloak of the Ecumenical Temple {*Confuse rF++} (You found it on level 4 of the Shoals)
 30084 | D:11     | Lost mutation: You are frail. (-10% HP) [mutagenic meat]
 30085 | D:11     | Lost mutation: Your natural rate of healing is unusually fast. [mutagenic meat]
 30389 | D:11     | Found Xyoz Pui's Antique Weapon Emporium.
 30560 | D:12     | Found a flagged portal.
 30574 | Bailey   | Entered a bailey
 30669 | Bailey   | Gained mutation: You are partially covered in yellow scales. (AC +2) [potion of beneficial mutation]
 31016 | Orc:2    | Bought a scroll of identify for 20 gold pieces
 31016 | Orc:2    | Bought a scroll of identify for 20 gold pieces
 31016 | Orc:2    | Bought a scroll of identify for 20 gold pieces
 31470 | D:12     | Reached XP level 19. HP: 122/122 MP: 26/26
 31820 | D:13     | Gained mutation: You are partially covered in molten scales. (AC +1) [evolution]
 32234 | D:13     | Found a gate to the Vaults.
 32297 | D:14     | Found Namoq's Gadget Emporium.
 32303 | D:14     | Bought a box of beasts for 220 gold pieces
 32343 | D:14     | Gained mutation: You have a pair of large horns on your head. [potion of beneficial mutation]
 32572 | D:14     | Learned a level 3 spell: Regeneration
 32667 | D:14     | Found a shattered altar of Ashenzari.
 32677 | D:14     | Reached skill level 1 in Necromancy
 32868 | D:14     | Lost mutation: You have a pair of large horns on your head. [mutagenic meat]
 32869 | D:14     | Gained mutation: You are occasionally teleported next to monsters. [mutagenic meat]
 32871 | D:14     | Gained mutation: You are weak. (Str -2) [mutagenic meat]
 32872 | D:14     | Lost mutation: You are weak. (Str -2) [mutagenic meat]
 32873 | D:14     | Gained mutation: Your muscles are strong. (Str +2) [mutagenic meat]
 32874 | D:14     | Lost mutation: You passively map a small area around you. [mutagenic meat]
 32875 | D:14     | Lost mutation: You are partially covered in molten scales. (AC +1) [mutagenic meat]
 32876 | D:14     | Lost mutation: You evolve. [mutagenic meat]
 33239 | D:15     | Entered Level 15 of the Dungeon
 33299 | D:15     | Found Qonte's Assorted Antiques.
 33308 | D:15     | Bought a scroll of identify for 44 gold pieces
 33525 | D:15     | Gained mutation: Scrolls take you a little longer to read. [mutagenic meat]
 33527 | D:15     | Lost mutation: Your muscles are strong. (Str +2) [mutagenic meat]
 33528 | D:15     | Gained mutation: You evolve. [mutagenic meat]
 33675 | D:15     | Lost mutation: You are partially covered in yellow scales. (AC +2) [potion of mutation]
 33983 | D:15     | Found a staircase to the Depths.
 34128 | Vaults:1 | Entered Level 1 of the Vaults
 34480 | Vaults:1 | Reached skill level 5 in Necromancy
 35078 | Vaults:1 | Identified the Handbook of Henotheism
 35089 | Vaults:1 | Learned a level 9 spell: Shatter
 35120 | Vaults:1 | Reached skill level 1 in Earth Magic
 35365 | Vaults:2 | Learned a level 6 spell: Iron Shot
 35513 | Vaults:2 | Reached XP level 20. HP: 128/128 MP: 29/29
 35559 | Vaults:2 | Reached skill level 5 in Earth Magic
 35817 | Vaults:2 | Lost mutation: You evolve. [mutagenic meat]
 35886 | Vaults:2 | Gained mutation: You are robust. (+10% HP) [mutagenic meat]
 35887 | Vaults:2 | Gained mutation: You have sharp fingernails. [mutagenic meat]
 35889 | Vaults:2 | Lost mutation: You are robust. (+10% HP) [mutagenic meat]
 35891 | Vaults:2 | Gained mutation: You are robust. (+10% HP) [mutagenic meat]
 35892 | Vaults:2 | Gained mutation: Your mind is acute. (Int +2) [mutagenic meat]
 35894 | Vaults:2 | Gained mutation: You are covered in fur. (AC +1) [mutagenic meat]
 35895 | Vaults:2 | Gained mutation: Your muscles are strong. (Str +2) [mutagenic meat]
 35898 | Vaults:2 | Gained mutation: You are somewhat resistant to further mutation. [mutagenic meat]
 35981 | Vaults:2 | Reached skill level 10 in Earth Magic
 36591 | Vaults:2 | Lost mutation: You are robust. (+10% HP) [mutagenic meat]
 36850 | Vaults:3 | Found a staircase to the Crypt.
 36934 | Vaults:3 | Reached XP level 21. HP: 113/132 MP: 26/30
 36950 | Vaults:3 | You are sucked into a shaft!
 37202 | Vaults:4 | Reached skill level 15 in Fighting
 38398 | Depths:1 | Entered Level 1 of the Depths
 38400 | Depths:1 | Found Bowayn's Book Shop.
 38424 | Depths:1 | Noticed Aizul
 38474 | Depths:1 | Killed Aizul
 38565 | Depths:1 | Lost mutation: Your muscles are strong. (Str +2) [mutagenic meat]
 38752 | Depths:1 | Noticed Nikola
 38774 | Depths:1 | Killed Nikola
 39127 | Depths:1 | Gained mutation: You are robust. (+10% HP) [potion of mutation]
 39128 | Depths:1 | Lost mutation: Your mind is acute. (Int +2) [potion of mutation]
 39402 | Depths:1 | Noticed the Enchantress
 39410 | Depths:1 | Reached XP level 22. HP: 142/158 MP: 31/31
 39429 | Depths:1 | Killed the Enchantress
 39485 | Depths:1 | Got a faerie dragon armour
 39499 | Depths:1 | Identified the +3 faerie dragon armour {+Inv rPois Regen+} (You took it off the Enchantress on level 1 of the Depths)
 39686 | Depths:1 | Found a one-way gate leading to the halls of Pandemonium.
 40493 | Depths:2 | Lost mutation: You are robust. (+10% HP) [mutagenic meat]
 40497 | Depths:2 | Gained mutation: You are agile. (Dex +2) [mutagenic meat]
 40841 | Depths:2 | Reached skill level 10 in Necromancy
 40850 | Depths:2 | Lost mutation: Scrolls take you a little longer to read. [mutagenic meat]
 41006 | Depths:2 | Reached XP level 23. HP: 152/152 MP: 32/32
 41349 | Depths:3 | Gained mutation: You are mostly covered in rough black scales. (AC +7, Dex -2) [mutagenic meat]
 41352 | Depths:3 | Lost mutation: You have a pair of horns on your head. [mutagenic meat]
 41354 | Depths:3 | Gained mutation: You are sometimes teleported next to monsters. [mutagenic meat]
 41375 | Depths:3 | Noticed a caustic shrike
 41384 | Depths:3 | Killed a caustic shrike
 41932 | Depths:3 | Found a one-way gate to the infinite horrors of the Abyss.
 42745 | Depths:4 | Lost mutation: You have a pair of small horns on your head. [mutagenic meat]
 43136 | Depths:4 | Found a gateway to a ziggurat.
 43279 | Depths:4 | Reached skill level 10 in Charms
 43365 | Depths:4 | Reached XP level 24. HP: 160/160 MP: 32/32
 43604 | Depths:4 | Noticed an ancient lich
 43620 | Depths:4 | Killed an ancient lich
 43620 | Depths:4 | Reached XP level 25. HP: 115/166 MP: 32/32
 43722 | Depths:4 | Lost mutation: You are mostly covered in rough black scales. (AC +7, Dex -2) [mutagenic meat]
 43917 | Depths:4 | Gained mutation: Potions and wands are less effective at restoring your health. [mutagenic meat]
 43920 | Depths:4 | Lost mutation: Your magical capacity is low. (-10% MP) [mutagenic meat]
 43921 | Depths:4 | Gained mutation: You are resistant to hostile enchantments. (MR+) [mutagenic meat]
 44080 | Depths:4 | Got a crude pearl dragon armour
 44092 | Depths:4 | Identified the +9 pearl dragon armour "Foorig" {rN+ Stlth+} (You found it on level 4 of the Depths)
 44197 | Depths:4 | Noticed Maud
 44207 | Depths:4 | Killed Maud
 44253 | Depths:4 | Reached skill level 15 in Armour
 44253 | Depths:4 | Reached XP level 26. HP: 173/173 MP: 36/36
 44451 | Depths:4 | Got a translucent steel ring
 44453 | Depths:4 | Identified the ring "Wif Enon" {rC+ MR- MP+9 Dex+4} (You took it off a spriggan berserker on level 4 of the Depths)
 44511 | Depths:5 | Entered Level 5 of the Depths
 44903 | Depths:5 | Lost mutation: You are agile. (Dex +2) [mutagenic meat]
 45179 | Depths:5 | Identified the Grimoire of Congealing Clay (You found it on level 5 of the Depths)
 45185 | Depths:5 | Found a gate to the Realm of Zot.
 45542 | Depths:5 | Reached skill level 10 in Dodging
 46017 | Depths:5 | Reached XP level 27. HP: 180/180 MP: 36/36
 46074 | Depths:5 | Lost mutation: You are covered in fur. (AC +1) [mutagenic meat]
 46080 | Depths:5 | Gained mutation: You have a somewhat thin skeletal structure. (Dex +2, Stealth) [mutagenic meat]
 46084 | Depths:5 | Gained mutation: You can translocate small distances at will. [mutagenic meat]
 46100 | Depths:5 | Gained mutation: You tend to lose your temper in combat. [mutagenic meat]
 46635 | Depths:3 | Lost mutation: You have razor-sharp toenails. [mutagenic meat]
 46985 | Vaults:5 | Entered Level 5 of the Vaults
 47009 | Vaults:5 | Noticed tstbtto's ghost (veteran MiBe)
 47919 | Vaults:5 | Killed tstbtto's ghost
 48103 | Vaults:5 | Identified the Volume of Conjuration (You found it on level 5 of the Vaults)
 48747 | Vaults:5 | Got a silver rune of Zot
 48749 | Vaults:5 | Identified the Grimoire of Ice (You found it on level 5 of the Vaults)
 48847 | Vaults:5 | Identified the Grimoire of Venom and Conjuration (You found it on level 5 of the Vaults)
 49179 | Vaults:2 | Reached skill level 15 in Dodging
 49521 | Zot:1    | Entered Level 1 of the Realm of Zot
 49641 | Zot:1    | Reached skill level 10 in Ice Magic
 50552 | Zot:2    | Lost mutation: You are resistant to hostile enchantments. (MR+) [potion of mutation]
 51051 | Zot:3    | Got a glittering pewter ring
 51053 | Zot:3    | Identified the ring of Desertification {rElec rPois rC+ rN+ SInv} (You found it on level 3 of the Realm of Zot)
 52244 | Zot:4    | Lost mutation: You have sharp toenails. [mutagenic meat]
 52612 | Zot:5    | Entered Level 5 of the Realm of Zot
 52798 | Zot:5    | Noticed an orb of fire
 52805 | Zot:5    | Gained mutation: Scrolls take you a little longer to read. [an orb of fire]
 52806 | Zot:5    | Gained mutation: Scrolls take you longer to read. [an orb of fire]
 52807 | Zot:5    | Noticed an orb of fire
 52811 | Zot:5    | Noticed an orb of fire
 52812 | Zot:5    | Killed an orb of fire
 52826 | Zot:5    | Killed an orb of fire
 52923 | Zot:5    | Noticed an ancient lich
 52933 | Zot:5    | Killed an ancient lich
 52981 | Zot:5    | Noticed an ancient lich
 52995 | Zot:5    | Killed an ancient lich
 53003 | Zot:5    | Noticed an ancient lich
 53012 | Zot:5    | Killed an ancient lich
 53213 | Zot:5    | Reached skill level 15 in Ice Magic
 53367 | Zot:5    | Noticed an orb of fire
 53367 | Zot:5    | Gained mutation: You are clumsy. (Dex -2) [an orb of fire]
 53441 | Zot:5    | Noticed an ancient lich
 53451 | Zot:5    | Paralysed by an ancient lich for 4 turns
 53459 | Zot:5    | Noticed an ancient lich
 53462 | Zot:5    | Killed an ancient lich
 53469 | Zot:5    | Killed an ancient lich
 53508 | Zot:5    | Noticed an orb of fire
 53551 | Zot:5    | Killed an orb of fire
 53933 | Zot:5    | Gained mutation: You have a pair of small horns on your head. [an orb of fire]
 53939 | Zot:5    | Killed an orb of fire
 53945 | Zot:5    | Noticed an orb of fire
 53957 | Zot:5    | Killed an orb of fire
 54027 | Zot:5    | Killed an orb of fire
 54248 | Zot:5    | Noticed an orb of fire
 54283 | Zot:5    | Killed an orb of fire
 54435 | Zot:5    | Lost mutation: You have a pair of small horns on your head. [potion of cure mutation]
 54435 | Zot:5    | Lost mutation: Scrolls take you longer to read. [potion of cure mutation]
 54435 | Zot:5    | Lost mutation: Scrolls take you a little longer to read. [potion of cure mutation]
 54435 | Zot:5    | Lost mutation: You tend to lose your temper in combat. [potion of cure mutation]
 54435 | Zot:5    | Lost mutation: You are somewhat resistant to further mutation. [potion of cure mutation]
 54435 | Zot:5    | Lost mutation: You are sometimes teleported next to monsters. [potion of cure mutation]
 54435 | Zot:5    | Lost mutation: You are clumsy. (Dex -2) [potion of cure mutation]
 54612 | Zot:5    | Noticed an ancient lich
 54619 | Zot:5    | Cast into level 5 of the Abyss (an ancient lich)
 54619 | Abyss:5  | Entered Level 5 of the Abyss
 54629 | Zot:5    | Escaped the Abyss
 54635 | Zot:5    | Killed an ancient lich
 54988 | D:12     | Lost mutation: You have a somewhat thin skeletal structure. (Dex +2, Stealth) [potion of cure mutation]
 54988 | D:12     | Lost mutation: You are partially covered in rough black scales. (AC +4, Dex -1) [potion of cure mutation]
 54988 | D:12     | Lost mutation: Potions and wands are less effective at restoring your health. [potion of cure mutation]
 54988 | D:12     | Lost mutation: You have sharp fingernails. [potion of cure mutation]
 55153 | Depths:3 | Voluntarily entered the Abyss.
 56215 | Abyss:2  | Paralysed by accursed screaming for 1 turns
 56217 | Abyss:2  | Paralysed by accursed screaming for 2 turns
 56429 | Abyss:3  | Found an ancient bone altar of Kikubaaqudgha.
 56544 | Abyss:3  | Paralysed by accursed screaming for 1 turns
 57160 | Abyss:4  | Paralysed by you for 6 turns
 57172 | Abyss:4  | Found a corrupted altar of Lugonu.
 57197 | Abyss:4  | Paralysed by accursed screaming for 1 turns
 57324 | Abyss:4  | Gained mutation: Your body sometimes deteriorates upon taking damage. [a neqoxec]
 57402 | Abyss:4  | Found a corrupted altar of Lugonu.
 57753 | Abyss:4  | Paralysed by accursed screaming for 1 turns
 57770 | Abyss:4  | Paralysed by accursed screaming for 2 turns
 57777 | Abyss:4  | Paralysed by accursed screaming for 2 turns
 59119 | Abyss:4  | Gained mutation: You are sometimes teleported next to monsters. [a cacodemon]
 59137 | Abyss:4  | Gained mutation: Armour fits poorly on your strangely shaped body. [a cacodemon]
 59185 | Abyss:4  | Gained mutation: You regenerate slowly when monsters are visible. [a shining eye]
 59190 | Abyss:4  | Gained mutation: Scrolls take you a little longer to read. [a shining eye]
 59192 | Abyss:4  | Gained mutation: You are dopey. (Int -2) [a shining eye]
 59230 | Abyss:4  | Got an abyssal rune of Zot
 59389 | Abyss:4  | Gained mutation: Your spells are a little easier to cast, but a little less powerful. [a neqoxec]
 59620 | Abyss:4  | Found a corrupted altar of Lugonu.
 59639 | Abyss:4  | Gained mutation: Your body often deteriorates upon taking damage. [a neqoxec]
 59788 | Depths:3 | Escaped the Abyss
 59867 | Depths:5 | Lost mutation: Your body often deteriorates upon taking damage. [potion of mutation]
 59867 | Depths:5 | Lost mutation: You regenerate slowly when monsters are visible. [potion of mutation]
 59867 | Depths:5 | Gained mutation: Your movements are slightly less encumbered by armour. (ER -2) [potion of mutation]
 60183 | Elf:1    | Entered Level 1 of the Elven Halls
 60242 | Elf:1    | Found a flickering gateway to a bazaar.
 60249 | Elf:1    | Gained mutation: Your muscles are strong. (Str +2) [mutagenic meat]
 60251 | Elf:1    | Lost mutation: Armour fits poorly on your strangely shaped body. [mutagenic meat]
 60264 | Bazaar   | Entered a bazaar
 60264 | Bazaar   | Found Fumman's Book Emporium.
 60264 | Bazaar   | Found Vualiwn's General Store.
 60265 | Bazaar   | Found Linn's Assorted Antiques.
 60265 | Bazaar   | Found Zotown's Jewellery Shoppe.
 60281 | Bazaar   | Bought a potion of mutation for 35 gold pieces
 60281 | Bazaar   | Bought a potion of curing for 42 gold pieces
 60281 | Bazaar   | Gained mutation: Your body often deteriorates upon taking damage. [potion of mutation]
 60281 | Bazaar   | Lost mutation: Your movements are slightly less encumbered by armour. (ER -2) [potion of mutation]
 61201 | Elf:2    | Found Eroor's Food Boutique.
 61461 | Elf:2    | Found a huge runed gate.
 61462 | Elf:2    | Found a huge runed gate.
 61462 | Elf:2    | Found a huge runed gate.
 61463 | Elf:2    | Found a huge runed gate.
 61465 | Elf:2    | Found a huge runed gate.
 62086 | Elf:3    | Entered Level 3 of the Elven Halls
 62275 | Elf:3    | Reached skill level 15 in Necromancy
 62817 | Elf:3    | Identified Qiykiuz's Compendium of Shifting Enchantment (You found it on level 3 of the Elven Halls)
 62845 | Elf:3    | Learned a level 9 spell: Glaciate
 62851 | Elf:3    | Identified the Guide on Fetching Confrontation
 62880 | Elf:3    | Identified the Handbook of Stones
 62888 | Elf:3    | Identified the Handbook of Snow and Displacement
 64208 | Zig:1    | Entered Level 1 of a ziggurat
 64231 | Zig:2    | Entered Level 2 of a ziggurat
 64234 | Zig:2    | Noticed an orb of fire
 64244 | Zig:2    | Killed an orb of fire
 64257 | Zig:3    | Entered Level 3 of a ziggurat
 64300 | Zig:4    | Entered Level 4 of a ziggurat
 64325 | Zig:4    | Identified the Reference Book on Orientation (You found it on level 4 of a ziggurat)
 64337 | Zig:5    | Entered Level 5 of a ziggurat
 64380 | Zig:5    | Got a distressingly furry plate armour
 64391 | Zig:5    | Identified the +3 plate armour of the Thoughtful Deaths {rElec rC+ rN+ Int+2 Stlth-} (You found it on level 5 of a ziggurat)
 64404 | Zig:6    | Entered Level 6 of a ziggurat
 64450 | Zig:6    | Lost mutation: Scrolls take you a little longer to read. [potion of cure mutation]
 64450 | Zig:6    | Lost mutation: You are dopey. (Int -2) [potion of cure mutation]
 64450 | Zig:6    | Lost mutation: Your muscles are strong. (Str +2) [potion of cure mutation]
 64450 | Zig:6    | Lost mutation: Your body often deteriorates upon taking damage. [potion of cure mutation]
 64450 | Zig:6    | Lost mutation: Your body sometimes deteriorates upon taking damage. [potion of cure mutation]
 64465 | Zig:7    | Entered Level 7 of a ziggurat
 64580 | Zig:8    | Entered Level 8 of a ziggurat
 64586 | Zig:8    | Noticed Duawkontoza the pandemonium lord
 64635 | Zig:8    | Killed Duawkontoza the pandemonium lord
 64698 | Zig:8    | Lost mutation: Your spells are a little easier to cast, but a little less powerful. [potion of cure mutation]
 64698 | Zig:8    | Lost mutation: You are sometimes teleported next to monsters. [potion of cure mutation]
 64698 | Zig:8    | Lost mutation: You are occasionally teleported next to monsters. [potion of cure mutation]
 64735 | Zig:9    | Entered Level 9 of a ziggurat
 64865 | Depths:4 | Upgraded the game from 0.19-a0-559-ga3d69d0 to 0.19-a0-585-ge40200b
 65273 | Slime:1  | Entered Level 1 of the Pits of Slime
 66477 | Slime:1  | Gained mutation: You are occasionally teleported next to monsters. [a shining eye]
 66478 | Slime:1  | Gained mutation: Scrolls take you a little longer to read. [a shining eye]
 66584 | Slime:2  | Gained mutation: Your magical capacity is low. (-10% MP) [a shining eye]
 66585 | Slime:2  | Gained mutation: Your body sometimes deteriorates upon taking damage. [a shining eye]
 66585 | Slime:2  | Lost mutation: You are occasionally teleported next to monsters. [a shining eye]
 66623 | Slime:3  | Gained mutation: Scrolls take you longer to read. [a shining eye]
 66679 | Slime:5  | Gained mutation: You are agile. (Dex +2) [a shining eye]
 66681 | Slime:5  | Lost mutation: You are agile. (Dex +2) [a shining eye]
 66683 | Slime:5  | Gained mutation: You are dopey. (Int -2) [a shining eye]
 66758 | Slime:5  | Lost mutation: You can translocate small distances at will. [potion of cure mutation]
 66758 | Slime:5  | Lost mutation: Your body sometimes deteriorates upon taking damage. [potion of cure mutation]
 66758 | Slime:5  | Lost mutation: Your magical capacity is low. (-10% MP) [potion of cure mutation]
 66763 | Slime:6  | Entered Level 6 of the Pits of Slime
 66907 | Slime:6  | Lost mutation: You are dopey. (Int -2) [a shining eye]
 66909 | Slime:6  | Gained mutation: You expend magic power (3 MP) to strengthen your wands. [a shining eye]
 66912 | Slime:6  | Gained mutation: You are clumsy. (Dex -2) [a shining eye]
 66913 | Slime:6  | Gained mutation: You are very clumsy. (Dex -4) [a shining eye]
 66918 | Slime:6  | Gained mutation: You tend to lose your temper in combat. [a shining eye]
 67101 | Slime:6  | Noticed the Royal Jelly
 67167 | Slime:6  | Found a viscous altar of Jiyva.
 67634 | Slime:6  | Killed the Royal Jelly
 67693 | Slime:6  | Got a transparent tin amulet
 67695 | Slime:6  | Identified the amulet of Senwad Kirch {Inacc rF+ rN++ Int+4 Dex-5} (You found it on level 6 of the Pits of Slime)
 67706 | Slime:6  | Identified the Compendium of Frigorific Arcane Weapons (You found it on level 6 of the Pits of Slime)
 67727 | Slime:6  | Identified Jiniur's Grimoire of Conjuration
 67793 | Slime:6  | Got a slimy rune of Zot
 67924 | Slime:6  | Got a dazzling plate armour
 67935 | Slime:6  | Identified the cursed +1 plate armour of Emeihar {MR+ rCorr Str-2 Dex+7} (You found it on level 6 of the Pits of Slime)
 68011 | Slime:5  | Gained mutation: You are weak. (Str -2) [a shining eye]
 68673 | Vaults:3 | Reached skill level 15 in Earth Magic
 68879 | Crypt:1  | Entered Level 1 of the Crypt
 68953 | Crypt:1  | Noticed Jory
 68966 | Crypt:1  | Killed Jory
 69879 | Crypt:2  | Lost mutation: You tend to lose your temper in combat. [potion of cure mutation]
 69879 | Crypt:2  | Lost mutation: Scrolls take you longer to read. [potion of cure mutation]
 69879 | Crypt:2  | Lost mutation: You are very clumsy. (Dex -4) [potion of cure mutation]
 69879 | Crypt:2  | Lost mutation: You are clumsy. (Dex -2) [potion of cure mutation]
 69879 | Crypt:2  | Lost mutation: You are weak. (Str -2) [potion of cure mutation]
 70542 | Crypt:2  | Noticed an ancient lich
 70555 | Crypt:2  | Killed an ancient lich
 70566 | Crypt:2  | Identified the Incunabulum of the Frigorific Entourage
 70826 | Crypt:3  | Entered Level 3 of the Crypt
 70986 | Crypt:3  | Found an ancient bone altar of Kikubaaqudgha.
 71130 | Crypt:3  | Reached skill level 27 in Fighting
 71215 | Crypt:3  | Identified Advanced Steps in Spellweaving
 71249 | Crypt:3  | Identified a +5 rod of shadows (14/14) (You found it on level 3 of the Crypt)
 71680 | Crypt:3  | Found a staircase to the Tomb.
 71699 | Crypt:3  | Got a brightly glowing plate armour
 71710 | Crypt:3  | Identified the +3 plate armour of the Trees {rCorr SInv} (You took it off a skeletal warrior on level 3 of the Crypt)
 73119 | Tomb:1   | Entered Level 1 of the Tomb of the Ancients
 73597 | Hell     | Entered the Vestibule of Hell
 73597 | Hell     | Noticed Geryon
 73646 | Hell     | Killed Geryon
 73709 | Hell     | Found a gateway to the ashen valley of Gehenna.
 73886 | Hell     | Found a gateway to the decaying netherworld of Tartarus.
 74003 | Hell     | Found a gateway to the freezing wastes of Cocytus.
 74124 | Hell     | Found a gateway to the Iron City of Dis.
 74383 | Coc:1    | Entered Level 1 of Cocytus
 74557 | Coc:2    | You are sucked into a shaft!
 75191 | Coc:7    | Entered Level 7 of Cocytus
 75618 | Coc:7    | Reached skill level 1 in Conjurations
 75719 | Coc:7    | Noticed Antaeus
 75761 | Coc:7    | Killed Antaeus
 75812 | Coc:7    | Reached skill level 5 in Conjurations
 75900 | Coc:7    | Got an icy rune of Zot
 76071 | Tar:1    | Entered Level 1 of Tartarus
 76639 | Tar:5    | Gained mutation: Your body sometimes deteriorates upon taking damage. [mutagenic glow]
 76697 | Tar:6    | Gained mutation: You are dopey. (Int -2) [mutagenic glow]
 76824 | Tar:6    | Noticed an ancient lich
 76828 | Tar:6    | Killed an ancient lich
 76963 | Tar:6    | Reached skill level 10 in Conjurations
 77142 | Tar:7    | Entered Level 7 of Tartarus
 77748 | Tar:7    | Gained mutation: Your magical capacity is low. (-10% MP) [a neqoxec]
 77785 | Tar:7    | Noticed the Serpent of Hell
 77812 | Tar:7    | Killed the Serpent of Hell
 77975 | Tar:7    | Noticed Ereshkigal
 78011 | Tar:7    | Paralysed by Ereshkigal for 2 turns
 78033 | Tar:7    | Killed Ereshkigal
 78150 | Tar:7    | Got an ancient granite ring
 78152 | Tar:7    | Identified the ring "Xajogiaginn" {Str+3 Int+4 Dex+3} (You found it on level 7 of Tartarus)
 78157 | Tar:7    | Got a translucent emerald amulet
 78160 | Tar:7    | Identified the amulet "Urphuyvi" {+Rage Str+3 Dex+4} (You found it on level 7 of Tartarus)
 78194 | Tar:7    | Got a bone rune of Zot
 78211 | Tar:7    | Got a warped cloak
 78222 | Tar:7    | Identified the +1 cloak "Deruet" {Regen+ SInv} (You found it on level 7 of Tartarus)
 78668 | Tar:7    | Paralysed by the power of Zot for 2 turns
 78712 | Tar:7    | Reached skill level 27 in Armour
 78862 | Geh:1    | Entered Level 1 of Gehenna
 79011 | Geh:2    | Reached skill level 1 in Stealth
 79474 | Geh:3    | Reached skill level 10 in Spellcasting
 80000 | Geh:6    | Reached skill level 5 in Stealth
 80147 | Geh:7    | Entered Level 7 of Gehenna
 80570 | Geh:7    | Identified Pexto's Catalogue of Quantum Protection (You found it on level 7 of Gehenna)
 81423 | Geh:7    | Noticed Asmodeus
 81475 | Geh:7    | Killed Asmodeus
 81507 | Geh:7    | Got an obsidian rune of Zot
 81651 | Hell     | Upgraded the game from 0.19-a0-585-ge40200b to 0.19-a0-593-gf2cdb02
 81652 | Dis:1    | Entered Level 1 of the Iron City of Dis
 82006 | Dis:2    | You are sucked into a shaft for 2 floors!
 82057 | Dis:4    | You are sucked into a shaft for 2 floors!
 82127 | Dis:7    | Entered Level 7 of the Iron City of Dis
 82310 | Dis:7    | Gained mutation: You have sharp toenails. [mutagenic glow]
 82358 | Dis:7    | Reached skill level 10 in Stealth
 83048 | Dis:7    | Noticed Dispater
 83083 | Dis:7    | Killed Dispater
 83204 | Dis:7    | Reached skill level 15 in Spellcasting
 83217 | Dis:7    | Got a pitted cloak
 83223 | Dis:7    | Identified the +2 cloak "Ankoh" {rN++} (You found it on level 7 of the Iron City of Dis)
 83243 | Dis:7    | Identified Sif Muna's Volume of Beguiling (You found it on level 7 of the Iron City of Dis)
 83248 | Dis:7    | Got an iron rune of Zot
 83564 | Pan      | Entered Pandemonium
 83575 | Pan      | Found an exit through the horrors of the Abyss.
 83584 | Pan      | Noticed Ungol the pandemonium lord
 83615 | Pan      | Killed Ungol the pandemonium lord
 83650 | Pan      | Got a demonic rune of Zot
 83919 | Pan      | Found an exit through the horrors of the Abyss.
 83919 | Pan      | Found an ancient bone altar of Kikubaaqudgha.
 84003 | Pan      | Noticed Yzunargh the pandemonium lord
 84016 | Pan      | Gained mutation: Your magical capacity is very low. (-20% MP) [a cacodemon]
 84027 | Pan      | Gained mutation: You are frail. (-10% HP) [a cacodemon]
 84030 | Pan      | Reached skill level 27 in Earth Magic
 84052 | Pan      | Killed Yzunargh the pandemonium lord
 84170 | Pan      | Gained mutation: You are very frail. (-20% HP) [a cacodemon]
 84338 | Pan      | Found an exit through the horrors of the Abyss.
 84408 | Pan      | Noticed Etoto the pandemonium lord
 84423 | Pan      | Killed Etoto the pandemonium lord
 84480 | Pan      | Gained mutation: Scrolls take you longer to read. [a neqoxec]
 84484 | Pan      | Gained mutation: Scrolls take you much longer to read. [a neqoxec]
 84572 | Pan      | Found an exit through the horrors of the Abyss.
 84627 | Pan      | Noticed Emuam the pandemonium lord
 84800 | Pan      | Found an exit through the horrors of the Abyss.
 84870 | Pan      | Gained mutation: Your magical capacity is extremely low. (-30% MP) [a neqoxec]
 84871 | Pan      | Gained mutation: Potions and wands are less effective at restoring your health. [a neqoxec]
 84875 | Pan      | Gained mutation: Armour fits poorly on your strangely shaped body. [a neqoxec]
 84994 | Pan      | Found an exit through the horrors of the Abyss.
 85042 | Pan      | Found an exit through the horrors of the Abyss.
 85121 | Pan      | Noticed Zevisa the pandemonium lord
 85138 | Pan      | Killed Zevisa the pandemonium lord
 85450 | Pan      | Found an exit through the horrors of the Abyss.
 85488 | Pan      | Entered the realm of Mnoleg.
 85539 | Pan      | Gained mutation: You occasionally shout uncontrollably at your foes. [a neqoxec]
 85573 | Pan      | Reached skill level 15 in Stealth
 85582 | Pan      | Found an exit through the horrors of the Abyss.
 85674 | Pan      | Lost mutation: You have sharp toenails. [a neqoxec]
 85707 | Pan      | Gained mutation: Your body often deteriorates upon taking damage. [a neqoxec]
 85750 | Pan      | Noticed Mnoleg
 85781 | Pan      | Killed Mnoleg
 85813 | Pan      | Got a glowing rune of Zot
 85943 | Pan      | Gained mutation: You are very dopey. (Int -4) [a neqoxec]
 86026 | Pan      | Gained mutation: You are weak. (Str -2) [a neqoxec]
 86304 | Pan      | Noticed Efrolla the pandemonium lord
 86324 | Pan      | Killed Efrolla the pandemonium lord
 86563 | Pan      | Found an exit through the horrors of the Abyss.
 87127 | Pan      | Found a huge runed gate.
 87279 | Pan      | Found a huge runed gate.
 87279 | Pan      | Found a huge runed gate.
 87281 | Pan      | Found a huge runed gate.
 87281 | Pan      | Found a huge runed gate.
 87297 | Pan      | Found a huge runed gate.
 87297 | Pan      | Found a huge runed gate.
 87535 | Pan      | Noticed Mih Qeps the pandemonium lord
 87653 | Pan      | Entered the realm of Cerebov.
 87654 | Pan      | Cast into level 4 of the Abyss (Mih Qeps)
 87708 | Abyss:4  | Found a corrupted altar of Lugonu.
 87753 | Abyss:4  | Found a corrupted altar of Lugonu.
 87919 | Abyss:4  | Paralysed by accursed screaming for 1 turns
 88011 | Abyss:4  | Gained mutation: You are very weak. (Str -4) [a neqoxec]
 88041 | Pan      | Escaped the Abyss
 88169 | Pan      | Cast into level 4 of the Abyss (Mih Qeps)
 88410 | Abyss:4  | Gained mutation: You tend to lose your temper in combat. [a neqoxec]
 88419 | Pan      | Escaped the Abyss
 88560 | Pan      | Killed Mih Qeps the pandemonium lord
 88844 | Pan      | HP: 7/159 [balrug/demon whip of electrocution (7)]
 88844 | Pan      | Killed from afar by a balrug

Vault maps used:
D:1:      dpeg_arrival_pits, minmay_statues_item
D:2:      fiery_altar_vehumet, serial_glass, glass_columns_b, glass_columns_a
D:3:      led_sif_pool, grunt_dithmenos_smoke, minmay_misc_feat_doors,
          minmay_misc_feat_enclosed, uniq_natasha
D:4:      lemuel_coloured_pillars_altar, nicolae_overflow_crystal_walls,
          grunt_temple_overflow_diamond, minmay_misc_feat_diagonals,
          lightli_corner_chamber
D:5:      minmay_temple_entry_from_below_a, first_bread
D:7:      kennysheep_little_box, basic_altar, hex_intersection
D:8:      serial_shops, shop
D:9:      lemuel_crystal_altar, david_orc_4, grunt_livestock,
          nicolae_tso_besieged_by_evil
D:10:     david_lair_generic, uniq_psyche
D:11:     serial_shops, shop
D:12:     minmay_smoke_and_mirrors, special_room, enter_bailey_2
D:13:     david_vaults_1, minivault_26
D:14:     basic_altar, serial_shops, shop, hangedman_abyss_or_decor_clamps,
          eino_jars
D:15:     grunt_enter_depths_snipers, serial_shops,
          nicolae_shop_overgrown_old_shop, roderic_roman_lattice,
          serial_bayou_pond_a, hangedman_decor_peaks_small
Lair:1:   lemuel_slime, serial_bayou_shore_b
Lair:2:   grunt_megastairs_3, lemuel_fruit_tree
Lair:3:   grunt_megastairs_2, infiniplex_staircase_pool_2, uniq_fannar
Lair:4:   minmay_shoals_entry_hut, wad_woods_antlair, serial_bayou_shore_a,
          grunt_megastairs_1
Lair:5:   dpeg_oklob_1
Lair:6:   guppyfry_snake_entry_island, slime_altar_1, st_stairs_11,
          cheibrodos_lair_reptile_den, bh_autumn_forest_stairs
Lair:8:   evil_forest, roderic_batcave
Shoals:1: portal_ice_cave_entry_pillars_1, nicolae_shoals_kraken_intersection
Shoals:2: serial_shops, nicolae_shop_statue_plus, shop, shop_fountains, shop
Shoals:3: nicolae_shoals_seven_spires
Shoals:4: shoals_end_simple, shoals_ilsuiw_ice
Snake:1:  serial_shops, nicolae_shop_waterfront
Snake:2:  hangedman_cross_stitches, st_stairs_4, serial_bayou_shore_b
Snake:3:  basic_altar
Snake:4:  snake_pit
Slime:2:  nicolae_slime_welcoming_committee
Slime:3:  cheibrodos_slime_lost_civilization_7
Orc:1:    minmay_orc_temple_c
Orc:2:    st_orc_rangers
Elf:1:    elf_arrival_002, serial_shops, freezing_bzr,
          kennysheep_underground_church
Elf:2:    serial_shops, shop_fountains
Elf:3:    minmay_elf_hall_golems, minmay_misc_feat_five, st_stairs_2
Vaults:1: v_alt_pattern_1, serial_ice_h, vaults_room_corners,
          nicolae_vaults_network_square, hangedman_vaults_nails, st_octagons_2,
          v_misc_15, vaults_standard_mumra_x, v_misc_5,
          nicolae_vaults_what_the_h
Vaults:2: nicolae_vaults_specimen_jars, vaults_room_ringed_pool, v_rooms_3,
          nicolae_vaults_disjoint_gnomons, hangedman_vaults_pinch,
          vaults_mumra_minichess_inversion,
          vaults_standard_mumra_enter_the_diamond,
          nicolae_vaults_little_squares_3, nicolae_vaults_gold_heap,
          vaults_room_corners, nicolae_vaults_asterisk, v_alt_pattern_4,
          nicolae_vaults_asterisk, vaults_room_hallway
Vaults:3: nicolae_vaults_lopsided_apartments, ontoclasm_vaults_chip, v_rooms_2,
          ontoclasm_vaults_tryst, nicolae_vaults_little_squares_6,
          minmay_crypt_entry_vampire_xt, v_misc_2, vaults_room_semicircle,
          ontoclasm_vaults_gateway, vaults_mumra_hex, v_rooms_6, v_pattern_5,
          ontoclasm_vaults_twist
Vaults:4: hangedman_vaults_impose, vaults_mumra_lcd, nicolae_vaults_arrows,
          grunt_vaults_diagonal, nicolae_vaults_circle_grid_b,
          grunt_vaults_hallway_short, v_misc_22, v_misc_10,
          ontoclasm_vaults_misaligned, hangedman_vaults_slice
Crypt:1:  grunt_crypt_arrival_split, uniq_jory
Crypt:2:  st_shrine_of_skulls
Crypt:3:  grunt_crypt_end_deaths_head
Depths:1: minmay_split_circle, rand_demon_pan_entry_1, serial_shops, shop,
          hell_entry, kilobyte_mutagenic_chamber, uniq_enchantress, uniq_nikola,
          uniq_aizul
Depths:2: cheibrodos_spurs, pan_entry, hangedman_tar_grid_catacomb,
          minmay_staircase_statues
Depths:3: minmay_triangles_in_corner, nicolae_benzene_ring,
          rand_demon_pan_entry_5, serial_sigils, serial_sigils_hangedman_stare,
          serial_sigils_hangedman_gnaw, serial_sigils_hangedman_snap,
          serial_sigils_hangedman_snap, grunt_hell_entry_dis_old, abyss_entry,
          kennysheep_generic_room_11
Depths:4: lemuel_river_lethe, hell_entry, abyss_entry
Depths:5: lemuel_castle_with_subvaults, hell_entry, abyss_entry, minivault_1
Dis:7:    iron_city_of_dis
Geh:3:    lemuel_flamethrower_2
Geh:5:    lemuel_hellion_isle
Geh:7:    geh_grunt
Coc:6:    serial_ice, serial_ice_c, serial_ice_b, serial_ice_i, serial_ice_g,
          serial_ice_m, serial_ice_f, serial_ice_a, serial_ice_e, serial_ice_h,
          serial_ice_n
Coc:7:    coc_dpeg
Tar:1:    nicolae_tar_cuneiform_bread
Tar:3:    nicolae_tar_cuneiform_sun
Tar:5:    hangedman_tartarus_temple_path, lemuel_elevator
Tar:7:    tar_minmay_river
Zot:2:    grunt_ministairs_6, stair_cage_line
Zot:3:    grunt_megastairs_4
Zot:5:    lemuel_lake_of_fire
Abyss:1:  minivault_22, hangedman_abyss_stitches_cave
Abyss:3:  hangedman_abyss_lost_library, hangedman_abyss_rune_flesh_and_stone
Abyss:4:  due_evilmike_abyss_rune_seething_liches,
          eino_small_chamber_without_monster, minivault_13,
          evilmike_abyss_exit_11, evilmike_abyss_exit_14,
          hangedman_illusive_loot, minivault_5
Abyss:5:  evilmike_abyss_exit_6, evilmike_abyss_exit_16,
          dshaligram_kb_abyss_rune_zappy_water_cross, minivault_23
Pan:      evilmike_mini_pan_doors, lemuel_hall_of_pain,
          nicolae_pan_strange_glyphs, nicolae_pan_mnolegish_4,
          nicolae_pan_diamonds, rand_demon_9, grunt_pan_zigzag,
          grunt_pan_frozen_over, grunt_pan_in_and_out,
          evilmike_mini_pan_branches, pan_blood_fountain_small,
          nicolae_pan_lom_lobonic_4, grunt_pan_sceptre,
          evilmike_mini_pan_other_thingy, nicolae_pan_glass_arcs,
          nicolae_pan_hourglass, pan_blood_fountain_small,
          lemuel_draining_boxes, nicolae_pan_gloorx_vloqian_2, mnoleg,
          evilmike_mini_pan_3x3, pan_blood_fountain_small, pan_blood_fountain,
          evilmike_mini_pan_branches, reaverb_pan_chaos_star,
          grunt_pan_in_and_out, lemuel_hellion_island, nicolae_pan_giant_door,
          cerebov_st
Zig:2:    ziggurat_pillar_centre_c
Zig:9:    ziggurat_pillar_centre_dead_trees
Bazaar:   bazaar_jpeg_oval
Bailey:   bailey_polearm_5, bailey
IceCv:    ice_cave_small_demon

Skill      XL: |  1  2  3  4  5  6  7  8  9 10 11 12 13 14 15 16 17 18 19 20 21 22 23 24 25 26 27 |
---------------+----------------------------------------------------------------------------------+-----
Fighting       | 3 4 5 7 8 10 11 12 13 14 17 18 19 20 27 | 27.0
Maces & Flails | 4 5 7 8 9 11 14 | 14.0
Shields        | 6 10 12 15 16 17 18 19 20 21 22 | 22.6
Armour         | 3 7 9 13 14 15 27 | 27.0
Invocations    | 9 11 | 11.0
Dodging        | 3 6 8 11 21 | 21.5
Spellcasting   | 4 7 9 20 | 20.0
Ice Magic      | 5 8 16 | 16.3
Charms         | 2 6 10 11 | 11.0
Necromancy     | 5 6 10 11 12 15 | 15.7
Earth Magic    | 3 12 27 | 27.0
Conjurations   | 11 | 11.5
Stealth        | 17 | 17.2
Throwing       | |  1.7

Action                   |  1- 3 |  4- 6 |  7- 9 | 10-12 | 13-15 | 16-18 | 19-21 | 22-24 | 25-27 || total
-------------------------+-------+-------+-------+-------+-------+-------+-------+-------+-------++-------
Melee: Flail             |   137 |   190 |   345 |   926 |   904 |       |       |       |       ||  2502
       Eveningstar       |       |       |       |       |   578 |  1208 |  1278 |  1227 | 12983 || 17274
       Headbutt          |       |       |       |       |       |   386 |   505 |   364 |    38 ||  1293
       Kick              |       |       |       |       |       |   150 |       |       |       ||   150
 Cast: Regeneration      |       |       |       |       |       |       |     4 |     1 |   230 ||   235
       Iron Shot         |       |       |       |       |       |       |       |       |   113 ||   113
       Shatter           |       |       |       |       |       |       |       |       |    26 ||    26
       Simulacrum        |       |       |       |       |       |       |       |       |     2 ||     2
Invok: Bend Time         |       |       |       |     1 |     6 |       |     3 |       |     1 ||    11
       Slouch            |       |       |       |       |    19 |     2 |     8 |     4 |    73 ||   106
       Temporal Distorti |       |       |       |       |    10 |    33 |    20 |    13 |    67 ||   143
 Abil: Fly               |       |       |       |       |     2 |       |       |     1 |    12 ||    15
       Stop Flying       |       |       |       |       |     1 |       |     1 |       |    11 ||    13
Evoke: Wand              |       |       |       |     7 |       |       |     1 |       |    11 ||    19
  Use: Scroll            |     2 |     3 |    11 |    10 |    10 |    23 |     4 |     4 |    30 ||    97
       Potion            |       |       |       |     2 |       |     4 |     5 |     4 |    54 ||    69
 Stab: Sleeping          |       |       |       |     3 |       |       |       |       |     8 ||    11
       Distracted        |       |       |       |     1 |       |       |       |     1 |    17 ||    19
       Paralysed         |       |       |       |       |       |       |       |       |     5 ||     5
       Petrified         |       |       |       |       |       |       |       |       |     3 ||     3
       Confused          |       |       |       |       |       |       |       |       |     2 ||     2
       Petrifying        |       |       |       |       |       |       |       |       |     1 ||     1
  Eat: Chunk             |     2 |    10 |     4 |    13 |    19 |    37 |    78 |    65 |   108 ||   336
       Pizza             |       |     1 |       |       |       |       |       |       |     3 ||     4
       Meat ration       |       |       |       |       |     1 |     1 |     1 |       |     3 ||     6
       Bread ration      |       |       |       |       |       |     3 |       |       |    30 ||    33
       Fruit             |       |       |       |       |       |       |       |       |     6 ||     6
       Royal jelly       |       |       |       |       |       |       |       |       |     5 ||     5
       Beef jerky        |       |       |       |       |       |       |       |       |     2 ||     2
Armor: Leather armour    |    67 |    75 |     8 |       |       |       |       |       |       ||   150
       Troll leather arm |       |       |   108 |   230 |       |       |       |       |       ||   338
       Troll hide        |       |       |    10 |       |       |       |       |       |       ||    10
       Plate armour      |       |       |       |   163 |   584 |   363 |   449 |   384 |    43 ||  1986
       Pearl dragon armo |       |       |       |       |       |       |       |       |  3212 ||  3212
       Skin              |       |       |       |       |       |       |       |       |    13 ||    13
Dodge: Dodged            |   115 |   121 |   216 |   347 |   755 |   660 |   653 |   531 |  9528 || 12926
Block: Shield            |       |       |       |   642 |  1463 |   504 |       |       |   364 ||  2973
       Large shield      |       |       |       |       |       |  1151 |  2017 |  1882 | 22498 || 27548
       Reflection        |       |       |       |       |       |       |       |       |     9 ||     9
